 Dungeon Crawl Stone Soup version 0.27.0-1-g7a089689b8 (webtiles) character file.

Game seed: 5868508960320277430

271047 PBDoughboyy the End of an Era (level 20, -1/154 (158) HPs)
             Began as a Gnoll Warper on Aug 9, 2021.
             Was the Champion of Qazlal.
             Killed from afar by a deep elf knight (16 damage)
             ... with a shard of ice
             ... on level 2 of the Elven Halls on Aug 11, 2021.
             The game lasted 05:41:30 (37829 turns).

PBDoughboyy the End of an Era (Gnoll Warper)       Turns: 37829, Time: 05:41:31

HP:   -1/154 (158)  AC: 29    Str: 20    XL:     20   Next: 22%
MP:   25/38         EV: 15    Int: 15    God:    Qazlal [******]
Gold: 227           SH: 23    Dex: 12    Spells: 6/47 levels left

rFire    + + +     SeeInvis .   k - +8 broad axe of Fanlaiga {drain, +Blink rElec rCorr}
rCold    + + +     Faith    .   P - +2 shield of Resistance {rF++ rC++ Will++}
rNeg     + . .     Spirit   .   I - +1 scale mail of the Unbroken {rN+ Regen+ Int-3}
rPois    .         Reflect  .   U - +2 helmet
rElec    +         Harm     .   Q - +2 cloak
rCorr    +         Rampage  .   n - +2 pair of gloves "Yfricsaol" {Will++}
Will     +++++                  m - +2 pair of boots
Stlth    +.........             V - amulet of Honesty {rF+ rC+ Regen+ Stlth-}
HPRegen  2.35/turn              X - ring "Igheahor" {rElec rF+ Str+6}
MPRegen  0.26/turn              H - ring "Xoroulu" {AC+4 Slay+2}

@: lethally poisoned (-1 -> -2), protected from cold, studying Invocations,
lightly drained, repel missiles
A: fangs 1, strong nose, distributed training
}: 2/15 runes: decaying, serpentine
a: Renounce Religion, Evoke Blink, Upheaval, Elemental Force, Disaster Area


You were on level 2 of the Elven Halls.
You worshipped Qazlal.
Qazlal was exalted by your worship.
You visited 7 branches of the dungeon, and saw 34 of its levels.
You also visited: Sewer and Ossuary.

You collected 4569 gold pieces.
You spent 4342 gold pieces at shops.

Inventory:

Hand Weapons
 g - the +8 dagger "Peihor" {flame, *Noise rF+++ Str+2 SInv}
   (You found it on level 6 of the Lair of Beasts)

   It burns those it strikes, dealing additional fire damage.
   Str:       It affects your strength (+2).
   rF:        It renders you almost immune to fire.
   SInv:      It lets you see invisible.
   *Noise:    It may make noises in combat.
 k - the +8 broad axe of Fanlaiga (weapon) {drain, +Blink rElec rCorr}
   (You acquired it on level 11 of the Dungeon)

   A truly terrible weapon, it drains the life of any living foe it strikes.
   rElec:     It insulates you from electricity.
   +Blink:    It lets you blink.
   rCorr:     It protects you from acid and corrosion.
 F - the +6 battleaxe of Uncertain Death {pain, rPois Will+}
   (You found it on level 6 of the Dungeon)

   In the hands of one skilled in necromantic magic, it inflicts extra damage on
   living creatures.
   rPois:     It protects you from poison.
   Will:      It increases your willpower.
Missiles
 a - 42 poisoned darts
 p - 5 throwing nets
 D - 21 boomerangs (quivered)
Armour
 m - a +2 pair of boots (worn)
 n - the +2 pair of gloves "Yfricsaol" (worn) {Will++}
   (You found it on level 2 of the Lair of Beasts)

   Will:      It greatly increases your willpower.
 I - the +1 scale mail of the Unbroken (worn) {rN+ Regen+ Int-3}
   (You found it on level 8 of the Dungeon)

   Int:       It affects your intelligence (-3).
   rN:        It protects you from negative energy.
   Regen:     It increases your rate of health regeneration.
 K - the +7 chain mail of Midnight {rElec Dex+4}
   (You found it on level 8 of the Dungeon)

   Dex:       It affects your dexterity (+4).
   rElec:     It insulates you from electricity.
 P - the +2 shield of Resistance (worn) {rF++ rC++ Will++}
   (You bought it in a shop on level 1 of the Elven Halls)

   rF:        It greatly protects you from fire.
   rC:        It greatly protects you from cold.
   Will:      It greatly increases your willpower.
 Q - a +2 cloak (worn)
 U - a +2 helmet (worn)
Jewellery
 b - a ring of positive energy
 h - a ring of poison resistance
 G - a ring of flight
 H - the ring "Xoroulu" (right hand) {AC+4 Slay+2}
   (You bought it in a shop on level 1 of the Elven Halls)

   [ring of protection]

   AC:        It affects your AC (+4).
   Slay:      It affects your accuracy & damage with ranged weapons and melee
   (+2).
 V - the amulet of Honesty (around neck) {rF+ rC+ Regen+ Stlth-}
   (You took it off an orc wizard on level 10 of the Dungeon)

   [amulet of regeneration]

   rF:        It protects you from fire.
   rC:        It protects you from cold.
   Regen:     It increases your rate of health regeneration.
   Stlth:     It makes you less stealthy.
 X - the ring "Igheahor" (left hand) {rElec rF+ Str+6}
   (You found it on level 11 of the Dungeon)

   [ring of strength]

   Str:       It affects your strength (+6).
   rF:        It protects you from fire.
   rElec:     It insulates you from electricity.
Wands
 o - a wand of polymorph (38)
 q - a wand of mindburst (6)
 s - a wand of charming (1)
 B - a wand of flame (78)
 O - a wand of digging (8)
 S - a wand of paralysis (2)
 W - a wand of iceblast (13)
 Z - a wand of acid (21)
Scrolls
 c - 5 scrolls of blinking
 f - 4 scrolls of magic mapping
 j - 10 scrolls of teleportation
 x - 5 scrolls of fog
 E - 6 scrolls of fear
 J - 8 scrolls of holy word
 Y - a scroll of summoning
Potions
 e - 6 potions of brilliance
 i - 5 potions of heal wounds
 l - 19 potions of curing
 r - 2 potions of ambrosia
 t - 9 potions of attraction
 u - 9 potions of haste
 v - 5 potions of lignification
 w - 11 potions of might
 y - 2 potions of berserk rage
 z - a potion of invisibility
 A - 3 potions of cancellation
 C - 5 potions of magic
 L - 6 potions of mutation
 M - 4 potions of resistance
Miscellaneous
 d - a phantom mirror
 N - a box of beasts
 R - a tin of tremorstones (2/2)
 T - a lightning rod (4/4)


   Skills:
 + Level 13.9 Fighting
 + Level 13.2 Short Blades
 + Level 13.9 Long Blades
 + Level 13.2 Axes
 + Level 13.2 Maces & Flails
 + Level 13.2 Polearms
 + Level 13.2 Staves
 + Level 13.2 Slings
 + Level 13.2 Bows
 + Level 13.2 Crossbows
 + Level 13.5 Throwing
 + Level 13.5 Armour
 + Level 13.9 Dodging
 + Level 13.2 Stealth
 + Level 13.2 Shields
 + Level 13.2 Unarmed Combat
 + Level 14.0 Spellcasting
 + Level 11.4 Conjurations
 + Level 11.4 Hexes
 + Level 11.4 Summonings
 + Level 11.4 Necromancy
 + Level 12.4 Translocations
 + Level 11.4 Transmutations
 + Level 11.4 Fire Magic
 + Level 11.4 Ice Magic
 + Level 11.4 Air Magic
 + Level 11.4 Earth Magic
 + Level 11.4 Poison Magic
 + Level 17.0 Invocations
 + Level 13.2 Evocations


You had 6 spell levels left.
You knew the following spells:

 Your Spells              Type           Power      Damage    Failure   Level
a - Blink                 Tloc           N/A        N/A       1%          2
b - Teleport Other        Tloc           47%        N/A       1%          3
c - Foxfire               Conj/Fire      100%       2x1d9     1%          1
d - Ozocubu's Armour      Ice            44%        N/A       1%          3
e - Mephitic Cloud        Conj/Pois/Air  44%        N/A       1%          3
f - Ignite Poison         Fire/Tmut/Pois 44%        N/A       1%          3
g - Passage of Golubria   Tloc           N/A        N/A       1%          4
h - Sticky Flame          Conj/Fire      44%        2d6       1%          4
i - Manifold Assault      Tloc           47%        N/A       3%          5
j - Irradiate             Conj/Tmut      22%        3d20      4%          5
k - Bolt of Magma         Conj/Fire/Erth 22%        4d11      4%          5
l - Frozen Ramparts       Ice            88%        1d10      1%          3

Your spell library contained the following spells:

 Spells                   Type           Power      Damage    Failure   Level
 Beastly Appendage        Tmut           88%        N/A       1%          1
 Corona                   Hex            48%        N/A       1%          1
 Magic Dart               Conj           100%       1d8       1%          1
 Shock                    Conj/Air       100%       1d9       1%          1
 Sting                    Tmut/Pois      100%       1d8       1%          1
 Call Imp                 Summ           44%        N/A       1%          2
 Ensorcelled Hibernation  Hex/Ice        88%        N/A       1%          2
 Slow                     Hex            44%        N/A       1%          2
 Sublimation of Blood     Necr           22%        N/A       1%          2
 Wereblood                Tmut           44%        N/A       1%          2
 Confusing Touch          Hex            44%        N/A       1%          3
 Conjure Flame            Conj/Fire      44%        6-21      1%          3
 Gell's Gravitas          Tloc           23%        N/A       1%          3
 Inner Flame              Hex/Fire       44%        N/A       1%          3
 Lesser Beckoning         Tloc           23%        N/A       1%          3
 Spider Form              Tmut/Pois      22%        N/A       1%          3
 Stone Arrow              Conj/Erth      88%        3d12      1%          3
 Swiftness                Air            44%        N/A       1%          3
 Tukima's Dance           Hex            44%        N/A       1%          3
 Airstrike                Air            22%        N/A       1%          4
 Animate Armour           Summ/Erth      88%        N/A       1%          4
 Ice Form                 Ice/Tmut       44%        N/A       1%          4
 Leda's Liquefaction      Hex/Erth       22%        N/A       1%          4
 Petrify                  Tmut/Erth      44%        N/A       1%          4
 Summon Ice Beast         Ice/Summ       44%        N/A       1%          4
 Summon Lightning Spire   Summ/Air       44%        N/A       1%          4
 Blade Hands              Tmut           22%        N/A       4%          5
 Fireball                 Conj/Fire      22%        3d10      4%          5
 Iskenderun's Battlesphe  Conj           44%        2d10      4%          5
 Lightning Bolt           Conj/Air       22%        1d37      4%          5
 Metabolic Englaciation   Hex/Ice        22%        N/A       4%          5
 Yara's Violent Unravell  Hex/Tmut       22%        3d10      4%          5
 Conjure Ball Lightning   Conj/Air       22%        3x3d6     24%         6
 Iron Shot                Conj/Erth      22%        9d5       24%         6
 Simulacrum               Ice/Necr       22%        N/A       24%         6
 Statue Form              Tmut/Erth      29%        N/A       24%         6
 Orb of Destruction       Conj           22%        9d9       80%         7
 Ozocubu's Refrigeration  Ice            22%        4d9       80%         7
 Spellforged Servitor     Conj/Summ      22%        N/A       80%         7
 Storm Form               Tmut/Air       22%        N/A       80%         7
 Lehudib's Crystal Spear  Conj/Erth      22%        10d6      100%        8
 Shatter                  Erth           22%        3d19*     100%        9


Dungeon Overview and Level Annotations

Branches:
Dungeon (15/15)            Temple (1/1) D:4            Lair (6/6) D:9
  Swamp (4/4) Lair:2        Snake (4/4) Lair:2        Slime (0/5) Lair:6
    Orc (2/2) D:12            Elf (2/3) Orc:2        Vaults (0/5) D:13
 Depths (0/5) D:15          Sewer (visited)         Ossuary (visited)

Altars:
Ashenzari
Cheibriados
Dithmenos
Gozag
Hepliaklqana
Makhleb
Nemelex Xobeh
Qazlal
Ru
Trog
Vehumet
Wu Jian
Xom
Yredelemnul
The Shining One
Beogh
Jiyva
Lugonu

Shops:
D:3 ?   D:8 !   D:9 (   Orc:2 (?(*(   Elf:1 [=:=(   Snake:2 :

Portals:
Abyss: Lair:6* Snake:1

Annotations:
Lair:5 1 runed translucent door, Wolly's ghost, journeyman CeAM
Snake:1 2 transporters, Strat's ghost, journeyman DDFi


Innate Abilities, Weirdness & Mutations

You have very sharp teeth.
Your uncanny sense of smell can sniff out nearby items.
Your experience applies equally to all skills.


Message History

The frozen ramparts melt away as you move.
You feel extremely sick.
You block the +1 long sword of venom's attack.
You hear some strange, mumbled words.
You feel extremely sick.
The deep elf pyromancer casts a spell.
The deep elf pyromancer blinks!
The deep elf knight casts a spell.
The deep elf knight flickers and vanishes!
The +3 long sword of draining hits you but does no damage.
You partially resist.
You feel extremely sick.
The +1 long sword of venom is engulfed in blazing flames.
You feel very sick.
The deep elf pyromancer casts a spell.
The deep elf pyromancer blinks!
You block the +3 long sword of draining's attack.
There is an open door here.
Casting: Frozen Ramparts (safe; 1% risk of failure)
Confirm with . or Enter, or press ? or * to list all spells.
You blink.
You feel very sick.
You hear some strange, mumbled words.
A shard of ice appears from out of thin air!
You block the shard of ice. You block the fire elemental's attack.
You feel very sick.
Casting: Blink (safe; 1% risk of failure)
Confirm with . or Enter, or press ? or * to list all spells.
You blink.
You feel very sick.
The +3 long sword of draining is engulfed in blazing flames.
You block the +3 long sword of draining's attack.
The +1 long sword of venom is engulfed in blazing flames.
The fire elemental closely misses you.
You hear some strange, mumbled words.
A shard of ice appears from out of thin air!
The shard of ice hits you! You partially resist.
Your resistance to physical damage fades away.
You feel protected from cold.
You die...

.....
......
......
......
..ee##
.{e#++
#°).# ###
#°@'#
#######
###.###
###E(§###
##.....#
###.....###
#§(E{e..#
##.......
#.........#
#.......#
#..".....
#...♣♣♣...#
#######§#
#........
#...♣ ♣...#
#.##.##.#
#.......)
'...♣♣♣...#
#)##)##'#
#.......)
#.........#
#.......#
#.......>
#'#.....###
#.......#
##.......


You could see 2 deep elf pyromancers, 2 deep elf zephyrmancers, 2 fire
elementals and 2 dancing weapons.

Vanquished Creatures
  Jorgrun (D:12)
  Rupert (D:15)
  A deep elf blademaster (Elf:2)
  Gastronok (D:9)
  Kirke (Lair:5)
  2 thorn hunters (Swamp:1)
  5 nagarajas
  Roxanne (D:14)
  Louise (Swamp:2)
  Nessos (D:12)
  Azrael (D:15)
  4 bunyips
  An eleionoma (Swamp:2)
  A deep elf death mage (Elf:1)
  A fire dragon (D:15)
  An ice dragon (D:15)
  A shambling mangrove (Swamp:4)
  5 boulder beetles
  A rakshasa (D:15)
  Harold (D:9)
  13 anacondas
  6 salamander tyrants
  21 hydras
  A spriggan air mage (Swamp:4)
  Erica (D:11)
  6 centaur warriors
  16 naga warriors
  3 catoblepae
  9 death yaks
  10 two-headed ogres
  2 tengu warriors
  21 dancing weapons
  6 alligators
  3 thrashing horrors (Lair:6)
  Urug (D:13)
  An orc high priest (Elf:1)
  A shock serpent (shapeshifter) (D:10)
  15 naga sharpshooters
  Sonja (Orc:1)
  13 shock serpents
  11 deep elf knights
  A fire crab (D:13)
  4 salamander mystics (Snake:4)
  11 skeletal warriors
  7 spriggan druids
  3 goliath frogs
  A sea snake (shapeshifter) (Elf:1)
  4 bog bodies
  4 naga ritualists
  12 swamp dragons
  6 orc knights
  6 deep elf archers
  Pikel (D:7)
  18 deep elf zephyrmancers
  21 deep elf pyromancers
  12 salamanders
  A wolf spider (D:15)
  8 cyclopes
  6 will-o-the-wisps
  2 manticores
  14 ugly things
  10 mana vipers
  24 elephants
  47 black mambas
  4 guardian serpents
  2 smoke demons (Lair:6)
  Maurice (Orc:1)
  3 gargoyles
  2 unseen horrors
  29 naga magi
  8 cane toads
  4 rime drakes
  A torpor snail (Lair:2)
  2 efreet
  A tengu conjurer (D:14)
  6 komodo dragons
  An ancient zyme (Lair:6)
  7 trolls
  A wolf spider simulacrum (D:15)
  13 tyrant leeches
  5 hornets
  24 blink frogs
  A raiju (shapeshifter) (D:11)
  A slime creature (shapeshifter) (D:11)
  17 slime creatures
  4 shadows
  7 spriggans
  A spriggan (shapeshifter) (Elf:1)
  3 air elementals (Elf:1)
  5 wyverns
  Sigmund (D:2)
  2 vampires (D:14)
  A centaur simulacrum (D:11)
  A ynoxinul (Lair:6)
  2 water elementals (Elf:1)
  2 wraiths
  16 humans (D:13)
  4 hogs (Lair:5)
  A yak (shapeshifter) (D:11)
  41 yaks
  5 fire elementals
  4 chaos spawn (Lair:6)
  8 basilisks
  A steam dragon (D:8)
  6 vampire mosquitoes
  40 nagas
  6 wargs
  11 swamp worms
  5 acid dragons
  15 water moccasins
  A large abomination (Lair:6)
  5 hell hounds (D:15)
  3 sky beasts
  7 swamp drakes
  33 orc warriors
  A black bear (D:4)
  2 ice beasts
  9 wolves (Lair:3)
  3 boggarts (D:10)
  8 ogres
  2 phantoms
  11 small abominations (Lair:6)
  A lemure (D:7)
  26 centaurs
  3 kobold brigands
  Blork the orc (D:6)
  6 bullfrogs
  2 gnoll sergeants
  A wyvern zombie (D:5)
  3 water moccasin zombies (Ossuary)
  3 earth elementals
  4 scorpions
  A water moccasin skeleton (D:4)
  5 wights (D:6)
  An electric eel (D:9)
  2 centaur zombies
  2 lava snakes (D:10)
  A bullfrog zombie (D:6)
  7 hounds
  9 orc priests
  A gnoll shaman (D:6)
  A jelly (D:6)
  A centaur skeleton (D:6)
  Jessica (D:2)
  A bullfrog skeleton (D:6)
  4 iguanas
  25 orc wizards
  Terence (D:2)
  A killer bee zombie (D:7)
  A hound skeleton (D:3)
  3 mummies
  2 howler monkey zombies
  7 gnolls
  9 adders
  3 shadow imps
  2 white imps
  2 ufetubi
  3 adder zombies (Ossuary)
  5 adder skeletons
  3 worms
  A dart slug (D:2)
  64 orcs
  7 ball pythons
  6 bats
  6 endoplasms
  4 giant cockroaches
  A gnoll zombie (Ossuary)
  8 goblins
  5 hobgoblins
  9 jackals
  25 kobolds
  11 quokkas
  A frilled lizard (D:1)
  6 hobgoblin zombies (Ossuary)
  4 kobold zombies (Ossuary)
  13 orc zombies
  4 rats
  A briar patch (Swamp:2)
  4 foxfires
1160 creatures vanquished.

Vanquished Creatures (collateral kills)
  A salamander tyrant (Snake:2)
  An anaconda (Snake:2)
  A salamander (Snake:2)
  A foxfire (D:6)
4 creatures vanquished.

Vanquished Creatures (others)
  A spriggan druid (Swamp:1)
  A deep elf zephyrmancer (Elf:2)
  A deep elf pyromancer (Elf:2)
  A spriggan (Swamp:1)
  A centaur (Orc:2)
  A small abomination (Lair:6)
  An orc wizard (Orc:1)
  287 foxfires
  33 fungi
  A lurking horror (Lair:6)
  36 plants
  3 toadstools (D:6)
367 creatures vanquished.

Grand Total: 1531 creatures vanquished

Notes
Turn   | Place    | Note
-------+----------+-------------------------------------------
     0 | D:1      | PBDoughboyy the Gnoll Warper began the quest for the Orb.
     0 | D:1      | Reached XP level 1. HP: 20/20 MP: 6/6
   365 | D:1      | Reached XP level 2. HP: 23/26 MP: 7/7
   512 | D:1      | Learned a level 2 spell: Blink
   861 | D:2      | Found an opulent altar of Gozag.
   906 | D:2      | Reached XP level 3. HP: 29/31 MP: 9/9
   926 | D:2      | Reached skill level 5 in Spellcasting
   984 | D:2      | Reached skill level 1 in Invocations
   986 | D:2      | Reached skill level 1 in Short Blades
   986 | D:2      | Reached skill level 1 in Axes
   986 | D:2      | Reached skill level 1 in Maces & Flails
   986 | D:2      | Reached skill level 1 in Polearms
   986 | D:2      | Reached skill level 1 in Staves
   986 | D:2      | Reached skill level 1 in Slings
   986 | D:2      | Reached skill level 1 in Bows
   986 | D:2      | Reached skill level 1 in Crossbows
   986 | D:2      | Reached skill level 1 in Stealth
   986 | D:2      | Reached skill level 1 in Shields
   986 | D:2      | Reached skill level 1 in Unarmed Combat
   986 | D:2      | Reached skill level 1 in Evocations
   991 | D:2      | Noticed Jessica
   995 | D:2      | Reached XP level 4. HP: 33/38 MP: 11/11
  1018 | D:2      | Killed Jessica
  1019 | D:2      | Reached skill level 1 in Conjurations
  1019 | D:2      | Reached skill level 1 in Hexes
  1019 | D:2      | Reached skill level 1 in Summonings
  1019 | D:2      | Reached skill level 1 in Necromancy
  1019 | D:2      | Reached skill level 1 in Transmutations
  1019 | D:2      | Reached skill level 1 in Fire Magic
  1019 | D:2      | Reached skill level 1 in Ice Magic
  1019 | D:2      | Reached skill level 1 in Air Magic
  1019 | D:2      | Reached skill level 1 in Earth Magic
  1019 | D:2      | Reached skill level 1 in Poison Magic
  1043 | D:2      | Noticed Terence
  1049 | D:2      | Killed Terence
  1149 | D:2      | Reached XP level 5. HP: 43/43 MP: 12/12
  1162 | D:2      | Noticed Sigmund
  1769 | D:3      | Learned a level 3 spell: Teleport Other
  1771 | D:3      | Learned a level 1 spell: Foxfire
  1849 | D:3      | Found Vizit's Magic Scroll Shop.
  1855 | D:3      | Bought a scroll of identify for 28 gold pieces
  2055 | D:3      | Found a faded altar of an unknown god.
  2235 | D:3      | Reached skill level 2 in Invocations
  2235 | D:3      | Reached XP level 6. HP: 50/50 MP: 13/13
  2235 | D:3      | Found a burning altar of Makhleb.
  2243 | D:3      | Found a shadowy altar of Dithmenos.
  2248 | D:3      | Found a hazy altar of Hepliaklqana.
  2254 | D:3      | Found a stormy altar of Qazlal.
  2256 | D:3      | Found a shimmering altar of Xom.
  2259 | D:3      | Became a worshipper of Qazlal Stormbringer
  2307 | D:4      | Reached skill level 5 in Fighting
  2307 | D:4      | Reached skill level 5 in Long Blades
  2307 | D:4      | Reached skill level 5 in Dodging
  2401 | D:4      | Found a sand-covered staircase.
  2412 | Ossuary  | Entered an ossuary
  2501 | Ossuary  | Reached * piety under Qazlal
  2532 | Ossuary  | Reached XP level 7. HP: 46/56 MP: 15/15
  2688 | D:4      | Found a staircase to the Ecumenical Temple.
  2694 | Temple   | Entered the Ecumenical Temple
  2735 | D:4      | Found a glowing drain.
  2780 | Sewer    | Entered a sewer
  2861 | Sewer    | Reached skill level 3 in Invocations
  2938 | D:4      | Reached ** piety under Qazlal
  3222 | D:4      | Found a broken altar of Ashenzari.
  3223 | D:4      | Found a bloodstained altar of Trog.
  3328 | D:4      | Reached XP level 8. HP: 63/63 MP: 14/16
  3794 | D:5      | Entered Level 5 of the Dungeon
  4126 | D:5      | Reached *** piety under Qazlal
  4159 | D:5      | Reached skill level 4 in Invocations
  4585 | D:6      | Reached XP level 9. HP: 47/69 MP: 11/18
  4676 | D:6      | Noticed Blork the orc
  4687 | D:6      | Killed Blork the orc
  4930 | D:6      | Reached skill level 5 in Throwing
  4930 | D:6      | Reached skill level 5 in Armour
  5267 | D:6      | Identified the +6 battleaxe of Uncertain Death {pain, rPois
                  | Will+}
  5280 | D:6      | Found a sacrificial altar of Ru.
  5316 | D:6      | Noticed a two-headed ogre
  5354 | D:6      | Killed a two-headed ogre
  5355 | D:6      | Reached skill level 5 in Invocations
  5407 | D:6      | Reached XP level 10. HP: 77/77 MP: 17/20
  5489 | D:6      | Found an ornate altar of the Wu Jian Council.
  5744 | D:2      | Killed Sigmund
  5877 | D:7      | Reached skill level 5 in Short Blades
  5877 | D:7      | Reached skill level 5 in Axes
  5877 | D:7      | Reached skill level 5 in Maces & Flails
  5877 | D:7      | Reached skill level 5 in Polearms
  5877 | D:7      | Reached skill level 5 in Staves
  5877 | D:7      | Reached skill level 5 in Slings
  5877 | D:7      | Reached skill level 5 in Bows
  5877 | D:7      | Reached skill level 5 in Crossbows
  5877 | D:7      | Reached skill level 5 in Stealth
  5877 | D:7      | Reached skill level 5 in Shields
  5877 | D:7      | Reached skill level 5 in Unarmed Combat
  5877 | D:7      | Reached skill level 5 in Evocations
  5888 | D:7      | Reached **** piety under Qazlal
  5926 | D:7      | Learned a level 3 spell: Ozocubu's Armour
  5930 | D:7      | Learned a level 3 spell: Mephitic Cloud
  5934 | D:7      | Learned a level 3 spell: Ignite Poison
  6007 | D:7      | Noticed Pikel
  6017 | D:7      | Killed Pikel
  6440 | D:7      | Learned a level 4 spell: Passage of Golubria
  7026 | D:8      | Identified the +7 chain mail of Midnight {rElec Dex+4}
  7079 | D:8      | Found Luwnun's Distillery.
  7090 | D:8      | Bought a potion of mutation for 80 gold pieces
  7090 | D:8      | Bought a potion of attraction for 30 gold pieces
  7090 | D:8      | Bought a potion of resistance for 100 gold pieces
  7090 | D:8      | Bought a potion of haste for 100 gold pieces
  7090 | D:8      | Bought 2 potions of might for 80 gold pieces
  7090 | D:8      | Bought a potion of degeneration for 10 gold pieces
  7272 | D:8      | Reached skill level 6 in Invocations
  7383 | D:8      | Identified the +1 scale mail of the Unbroken {rN+ Regen+
                  | Int-3}
  7661 | D:9      | Found a staircase to the Lair.
  7663 | D:9      | Noticed Harold
  7676 | D:9      | Killed Harold
  7834 | D:9      | Found a basalt altar of Yredelemnul.
  7855 | D:9      | Noticed Gastronok
  7906 | D:10     | Entered Level 10 of the Dungeon
  7934 | D:10     | Reached XP level 11. HP: 64/84 MP: 16/22
  8149 | D:10     | Noticed a two-headed ogre
  8149 | D:10     | Noticed a two-headed ogre
  8347 | Lair:1   | Entered Level 1 of the Lair of Beasts
  8618 | D:9      | Reached skill level 5 in Conjurations
  8618 | D:9      | Reached skill level 5 in Hexes
  8618 | D:9      | Reached skill level 5 in Summonings
  8618 | D:9      | Reached skill level 5 in Necromancy
  8618 | D:9      | Reached skill level 5 in Transmutations
  8618 | D:9      | Reached skill level 5 in Fire Magic
  8618 | D:9      | Reached skill level 5 in Ice Magic
  8618 | D:9      | Reached skill level 5 in Air Magic
  8618 | D:9      | Reached skill level 5 in Earth Magic
  8618 | D:9      | Reached skill level 5 in Poison Magic
  8817 | D:9      | Found Juboa's Weapon Boutique.
  9058 | D:10     | Identified the +11 war axe of Zuptouth {protect, rF+}
  9258 | D:10     | Killed a two-headed ogre
  9318 | D:10     | Noticed a cyclops
  9325 | D:10     | Killed a cyclops
  9430 | D:10     | Noticed a skeletal warrior
  9462 | D:10     | Noticed an orc knight
  9522 | D:10     | Killed a skeletal warrior
  9523 | D:10     | Reached skill level 7 in Invocations
  9528 | D:10     | Killed an orc knight
  9701 | D:10     | Identified the +7 shortbow "Qusamuen" {flame, Str+6 Stlth+}
  9701 | D:10     | Identified the amulet of Honesty {rF+ rC+ Regen+ Stlth-}
  9702 | D:10     | Noticed a two-headed ogre
  9805 | D:10     | Killed a two-headed ogre
  9863 | D:10     | Killed a two-headed ogre
 10064 | D:11     | Reached ***** piety under Qazlal
 10190 | D:11     | Noticed Erica
 10194 | D:11     | Noticed a cyclops
 10246 | D:11     | Killed Erica
 10247 | D:11     | Reached XP level 12. HP: 94/94 MP: 17/24
 10360 | D:11     | Found a radiant altar of Vehumet.
 10360 | D:11     | Found a sparkling altar of Nemelex Xobeh.
 10360 | D:11     | Noticed a six-headed hydra
 10433 | D:11     | Identified a scroll of acquirement
 10454 | D:11     | Learned a level 4 spell: Sticky Flame
 10454 | D:11     | Acquired the +8 broad axe of Fanlaiga {drain, +Blink rElec
                  | rCorr}
 10460 | D:11     | Found a burning altar of Makhleb.
 10525 | D:11     | Killed a six-headed hydra
 10533 | D:11     | Found a shimmering altar of Xom.
 10547 | D:11     | Noticed a boulder beetle
 10835 | D:11     | Noticed a six-headed hydra
 10894 | D:11     | Noticed a shock serpent
 10929 | D:10     | HP: 3/94 [shock serpent (shapeshifter)/bolt of electricity
                  | (4)]
 10936 | D:10     | Killed a shock serpent
 10985 | D:11     | Reached skill level 8 in Invocations
 11055 | D:11     | Noticed a two-headed ogre
 11143 | D:11     | Killed a seven-headed hydra
 11228 | D:11     | Noticed a two-headed ogre
 11265 | D:11     | Killed a two-headed ogre
 11271 | D:11     | Killed a two-headed ogre
 11398 | D:11     | Killed a boulder beetle
 11414 | D:11     | Identified the ring "Igheahor" {rElec rF+ Str+6}
 12180 | D:11     | Reached XP level 13. HP: 101/101 MP: 21/26
 12274 | D:12     | Learned a level 5 spell: Manifold Assault
 12472 | D:3      | Bought a scroll of brand weapon for 280 gold pieces
 12472 | D:3      | Bought a scroll of vulnerability for 105 gold pieces
 12472 | D:3      | Bought a scroll of identify for 28 gold pieces
 12472 | D:3      | Bought a scroll of identify for 28 gold pieces
 12472 | D:3      | Bought a scroll of blinking for 105 gold pieces
 12717 | D:12     | Found a staircase to the Orcish Mines.
 12744 | D:12     | Noticed Nessos
 12748 | D:12     | Noticed Jorgrun
 13039 | Lair:1   | Reached skill level 9 in Invocations
 13959 | Lair:2   | Found a staircase to the Snake Pit.
 13972 | Lair:2   | Identified the +2 pair of gloves "Yfricsaol" {Will++}
 14316 | Lair:2   | Reached skill level 10 in Spellcasting
 14793 | Lair:2   | Found a staircase to the Swamp.
 14847 | Lair:2   | Reached XP level 14. HP: 109/109 MP: 28/28
 15017 | Lair:3   | Reached skill level 10 in Fighting
 15017 | Lair:3   | Reached skill level 10 in Long Blades
 15017 | Lair:3   | Reached skill level 10 in Dodging
 15281 | Lair:3   | Reached ****** piety under Qazlal
 15539 | Lair:3   | Learned a level 5 spell: Irradiate
 15698 | Lair:4   | Reached skill level 10 in Invocations
 16600 | Lair:5   | Noticed Kirke
 16612 | Lair:5   | Killed Kirke
 16895 | Lair:5   | Found a runed translucent door.
 16895 | Lair:5   | Found a shimmering altar of Xom.
 16895 | Lair:5   | Noticed Wolly's ghost (journeyman CeAM)
 16896 | Lair:5   | Identified the +8 double sword of Severance {chaos, rN+
                  | Int+4 Dex-5 SInv}
 17178 | Lair:6   | Entered Level 6 of the Lair of Beasts
 17207 | Lair:6   | Reached skill level 10 in Throwing
 17207 | Lair:6   | Reached skill level 10 in Armour
 17299 | Lair:6   | Reached XP level 15. HP: 117/117 MP: 29/29
 17436 | Lair:6   | Found a corrupted altar of Lugonu.
 17436 | Lair:6   | Found a one-way gate to the infinite horrors of the Abyss.
 17867 | Lair:6   | Reached skill level 10 in Translocations
 17986 | Lair:6   | Reached skill level 11 in Invocations
 18058 | Lair:6   | Reached skill level 10 in Short Blades
 18058 | Lair:6   | Reached skill level 10 in Axes
 18058 | Lair:6   | Reached skill level 10 in Maces & Flails
 18058 | Lair:6   | Reached skill level 10 in Polearms
 18058 | Lair:6   | Reached skill level 10 in Staves
 18058 | Lair:6   | Reached skill level 10 in Slings
 18058 | Lair:6   | Reached skill level 10 in Bows
 18058 | Lair:6   | Reached skill level 10 in Crossbows
 18058 | Lair:6   | Reached skill level 10 in Stealth
 18058 | Lair:6   | Reached skill level 10 in Shields
 18058 | Lair:6   | Reached skill level 10 in Unarmed Combat
 18058 | Lair:6   | Reached skill level 10 in Evocations
 18269 | Lair:6   | Found a corrupted altar of Lugonu.
 18413 | Lair:6   | Found a viscous altar of Jiyva.
 18414 | Lair:6   | Found a staircase to the Slime Pits.
 18487 | Lair:6   | Identified the +8 dagger "Peihor" {flame, *Noise rF+++
                  | Str+2 SInv}
 18693 | Snake:1  | Entered Level 1 of the Snake Pit
 19295 | Snake:1  | Found a stormy altar of Qazlal.
 19852 | Snake:1  | Found a transporter.
 19854 | Snake:1  | Noticed a nagaraja
 19855 | Snake:1  | Noticed a cacodemon
 19858 | Snake:1  | Found a transporter.
 19866 | Snake:1  | Noticed a tentacled starspawn
 19941 | Snake:1  | Noticed Strat's ghost (journeyman DDFi)
 19941 | Snake:1  | Noticed a profane servitor
 20118 | Snake:2  | Reached skill level 12 in Invocations
 20183 | Snake:2  | Reached XP level 16. HP: 107/125 MP: 27/31
 20433 | Snake:2  | Noticed a nagaraja
 20472 | Snake:2  | Killed a nagaraja
 20827 | Snake:2  | Noticed a nagaraja
 20843 | Snake:2  | Killed a nagaraja
 20964 | Snake:2  | Found Qaan's Book Boutique.
 20974 | Snake:2  | Bought a book of Rime for 280 gold pieces
 22318 | Snake:3  | Found a runed translucent gate.
 22318 | Snake:3  | Found a runed translucent gate.
 22318 | Snake:3  | Found a runed translucent gate.
 22570 | Snake:3  | Reached skill level 13 in Invocations
 23669 | Snake:4  | Entered Level 4 of the Snake Pit
 23813 | Snake:4  | Reached XP level 17. HP: 126/133 MP: 15/33
 24288 | Snake:4  | Learned a level 5 spell: Bolt of Magma
 24887 | Snake:4  | Reached skill level 14 in Invocations
 25515 | Snake:4  | Learned a level 3 spell: Frozen Ramparts
 25564 | Snake:4  | Reached skill level 10 in Conjurations
 25564 | Snake:4  | Reached skill level 10 in Hexes
 25564 | Snake:4  | Reached skill level 10 in Summonings
 25564 | Snake:4  | Reached skill level 10 in Necromancy
 25564 | Snake:4  | Reached skill level 10 in Transmutations
 25564 | Snake:4  | Reached skill level 10 in Fire Magic
 25564 | Snake:4  | Reached skill level 10 in Ice Magic
 25564 | Snake:4  | Reached skill level 10 in Air Magic
 25564 | Snake:4  | Reached skill level 10 in Earth Magic
 25564 | Snake:4  | Reached skill level 10 in Poison Magic
 25696 | Snake:4  | Got a serpentine rune of Zot
 26052 | D:9      | Killed Gastronok
 26222 | D:12     | Killed Jorgrun
 26378 | D:12     | Killed Nessos
 27071 | D:13     | Noticed Urug
 27072 | D:13     | Found a gate to the Vaults.
 27081 | D:13     | Killed Urug
 27384 | D:13     | Reached XP level 18. HP: 140/142 MP: 30/34
 28557 | D:14     | Identified Roxanne's Papyrus of Transformation
 28557 | D:14     | Noticed Roxanne
 28611 | D:14     | Identified the +10 broad axe of the Little People
                  | {antimagic, +Rage Str+4}
 28912 | D:14     | Killed Roxanne
 29107 | D:15     | Entered Level 15 of the Dungeon
 29257 | D:15     | Noticed Azrael
 29270 | D:15     | Killed Azrael
 29271 | D:15     | Reached skill level 15 in Invocations
 29362 | D:15     | Noticed Rupert
 29379 | D:15     | Killed Rupert
 29546 | D:15     | Identified the +0 helmet "Mimemue" {Harm *Corrode Fly
                  | rElec}
 30059 | D:15     | Found a staircase to the Depths.
 30879 | Swamp:1  | Entered Level 1 of the Swamp
 31752 | Swamp:2  | Noticed Louise
 31921 | Swamp:2  | Killed Louise
 32587 | Swamp:3  | Reached XP level 19. HP: 143/149 MP: 24/36
 33277 | Swamp:4  | Entered Level 4 of the Swamp
 33556 | Swamp:3  | Reached skill level 16 in Invocations
 34150 | Swamp:4  | Got a decaying rune of Zot
 34588 | Orc:1    | Entered Level 1 of the Orcish Mines
 34600 | Orc:1    | Noticed Maurice
 34609 | Orc:1    | Killed Maurice
 34752 | Orc:2    | Entered Level 2 of the Orcish Mines
 34984 | Orc:2    | Found a radiant altar of Vehumet.
 35176 | Orc:2    | Found a staircase to the Elven Halls.
 35318 | Orc:2    | Found Yditaf's Antique Weapon Emporium.
 35318 | Orc:2    | Found Ijaumaos's Magic Scroll Boutique.
 35320 | Orc:2    | Found Soagoopn's Weapon Shop.
 35322 | Orc:2    | Found Titiep's General Store.
 35327 | Orc:2    | Bought 3 scrolls of holy word for 270 gold pieces
 35327 | Orc:2    | Bought a scroll of holy word for 90 gold pieces
 35327 | Orc:2    | Bought a scroll of teleportation for 36 gold pieces
 35334 | Orc:2    | Bought the Incunabulum of the Rocks for 420 gold pieces
 35334 | Orc:2    | Bought a scroll of blinking for 105 gold pieces
 35372 | Orc:2    | Found Wiadwu Boipp's Firing Range.
 35379 | Orc:2    | Bought a throwing net for 45 gold pieces
 35570 | Orc:1    | Noticed Sonja
 35579 | Orc:1    | Killed Sonja
 35811 | Elf:1    | Entered Level 1 of the Elven Halls
 36080 | Elf:1    | Found Weapn's Book Boutique.
 36083 | Elf:1    | Found Pyur Ibb's Jewellery Boutique.
 36083 | Elf:1    | Found Ylod's Antique Armour Shop.
 36086 | Elf:1    | Found Sirghe's Jewellery Shop.
 36110 | Elf:1    | Bought the +2 shield of Resistance {rF++ rC++ Will++} for
                  | 1557 gold pieces
 36110 | Elf:1    | Found the +2 shield of Resistance {rF++ rC++ Will++}
 36132 | Elf:1    | Bought the ring "Xoroulu" {AC+4 Slay+2} for 565 gold pieces
 36345 | Elf:1    | Found Jonezaud's Weapon Boutique.
 36584 | Elf:1    | Paralysed by an air elemental for 1 turns
 36587 | Elf:1    | Paralysed by an air elemental for 1 turns
 36595 | Elf:1    | Paralysed by an air elemental for 1 turns
 37277 | Elf:2    | Reached XP level 20. HP: 158/158 MP: 37/37
 37551 | Elf:2    | Found a runed translucent gate.
 37551 | Elf:2    | Found a runed translucent gate.
 37551 | Elf:2    | Found a runed translucent gate.
 37806 | Elf:2    | Reached skill level 17 in Invocations
 37829 | Elf:2    | Killed from afar by a deep elf knight

Illustrated notes

Levels and vault maps discovered:
D:1:      psy_arrival_terrarium, layout_rooms, serial_forest,
          infiniplex_forest_diagonal, infiniplex_forest_corner_1,
          infiniplex_forest_straight_4, infiniplex_forest_clump_double,
          infiniplex_forest_clump_medium, infiniplex_forest_lined_3,
          infiniplex_forest_end_1, infiniplex_forest_side_room,
          infiniplex_forest_end_2
D:2:      layout_loops_ring, basic_altar, uniq_sigmund, uniq_terence,
          uniq_jessica
D:3:      layout_loops_ring, minitemple, shapermc_ecumenical_altar_pompeii,
          serial_shops, shop
D:4:      minmay_polygon_palace, layout_basic, mainiacjoe_overflow_divided_tiny,
          minmay_temple_entry_tees, portal_sewer_entry_f,
          nicolae_ossuary_entry_giza
D:5:      layout_loops_cross
D:6:      layout_basic, kennysheep_little_box, nicolae_ru_awakened_eye,
          minmay_gold_behind_fungi, minmay_bent, uniq_blork_the_orc
D:7:      layout_basic, kennysheep_small_spiral, uniq_pikel
D:8:      layout_loops_cross, serial_shops, shop
D:9:      layout_layer_cave, mainiacjoe_overflow_paths, lair_entry_dummy,
          abandoned_shop, nicolae_wooded_promenade, uniq_harold, uniq_gastronok
D:10:     layout_big_octagon, minmay_pinched_square
D:11:     minmay_the_grid_octo_tiled_squarecenter [minmay_the_grid_octo_clover,
          minmay_the_grid_octo_fan_narrow, minmay_the_grid_octo_shrine,
          minmay_the_grid_octo_empty, minmay_the_grid_square_5x5_megaprize_open,
          minmay_the_grid_square_5x5_comb,
          minmay_the_grid_square_5x5_almost_minimal,
          minmay_the_grid_square_5x5_moneybag,
          minmay_the_grid_square_5x5_sharp_hourglass], layout_basic, uniq_erica
D:12:     layout_small_grid, minmay_orc_entry_temple_large,
          kennysheep_generic_room_16, uniq_nessos, uniq_jorgrun
D:13:     layout_basic, david_vaults_3
D:14:     layout_loops_cross, corexii_hall_statues_x, uniq_roxanne
D:15:     grunt_enter_depths_hoard, layout_cave_pods,
          chequers_serial_rivers_marsh, uniq_azrael, uniq_rupert
Temple:   nicolae_temple_hex_pool
Lair:1:   wander_river, layout_chaotic_city, hibernation_bobbens
Lair:2:   layout_regular_city, palyth_hydra_swamp_entry,
          minmay_snake_entry_six_corridors
Lair:3:   layout_concentric_octagons, grunt_megastairs_1, lemuel_fruit_fields
Lair:4:   layout_gridlike
Lair:5:   layout_regular_city, ebering_ghost_xom, uniq_kirke
Lair:6:   hellmonk_lair_end_abyssal_woods, layout_gridlike, slime_altar_1,
          amcnicky_altar_lugonu_corruption
Swamp:1:  layout_basic_swamp, evilmike_swamp_ruin_house_6,
          infiniplex_staircase_pool
Swamp:2:  layout_basic_swamp, nicolae_swamp_some_circles,
          infiniplex_staircase_pool_2, uniq_louise
Swamp:3:  layout_basic_swamp, nicolae_swamp_triple_paths, swamp_pool1
Swamp:4:  swamp_alternative, layout_basic_swamp
Snake:1:  layout_onion, basic_altar, gammafunk_ghost_abyssal_escape,
          nicolae_snake_yet_another_twisty_hallway
Snake:2:  layout_chambers, serial_shops, shop_coins
Snake:3:  layout_chambers, nicolae_snake_horde_hoard
Snake:4:  snake_pit, layout_cave_town
Orc:1:    layout_caves, uniq_sonja, uniq_maurice
Orc:2:    st_orc_rangers, layout_caves, basic_altar, nicolae_shop_firing_range
Elf:1:    minmay_elf_arrival_summoners, layout_loops_corners, serial_shops,
          nicolae_shop_stone, minivault_28, minmay_shoptagon
Elf:2:    elven_hall_of_blades_hangedman_original
          [nicolae_blade_entry_hurt_lockers], layout_geoelf_octagon, drop_trap,
          patterned_corridor

Skill      XL: |  1  2  3  4  5  6  7  8  9 10 11 12 13 14 15 16 17 18 19 20 |
---------------+-------------------------------------------------------------+-----
Spellcasting   | 5 6 7 8 9 10 11 12 13 14 | 14.0
Invocations    | 1 2 3 4 5 6 7 8 9 10 12 13 14 15 16 17 | 17.0
Short Blades   | 1 2 3 4 5 6 7 8 9 10 11 12 13 | 13.2
Axes           | 1 2 3 4 5 6 7 8 9 10 11 12 13 | 13.2
Maces & Flails | 1 2 3 4 5 6 7 8 9 10 11 12 13 | 13.2
Polearms       | 1 2 3 4 5 6 7 8 9 10 11 12 13 | 13.2
Staves         | 1 2 3 4 5 6 7 8 9 10 11 12 13 | 13.2
Slings         | 1 2 3 4 5 6 7 8 9 10 11 12 13 | 13.2
Bows           | 1 2 3 4 5 6 7 8 9 10 11 12 13 | 13.2
Crossbows      | 1 2 3 4 5 6 7 8 9 10 11 12 13 | 13.2
Stealth        | 1 2 3 4 5 6 7 8 9 10 11 12 13 | 13.2
Shields        | 1 2 3 4 5 6 7 8 9 10 11 12 13 | 13.2
Unarmed Combat | 1 2 3 4 5 6 7 8 9 10 11 12 13 | 13.2
Evocations     | 1 2 3 4 5 6 7 8 9 10 11 12 13 | 13.2
Conjurations   | 1 2 3 4 5 6 7 8 9 10 11 | 11.4
Hexes          | 1 2 3 4 5 6 7 8 9 10 11 | 11.4
Summonings     | 1 2 3 4 5 6 7 8 9 10 11 | 11.4
Necromancy     | 1 2 3 4 5 6 7 8 9 10 11 | 11.4
Transmutations | 1 2 3 4 5 6 7 8 9 10 11 | 11.4
Fire Magic     | 1 2 3 4 5 6 7 8 9 10 11 | 11.4
Ice Magic      | 1 2 3 4 5 6 7 8 9 10 11 | 11.4
Air Magic      | 1 2 3 4 5 6 7 8 9 10 11 | 11.4
Earth Magic    | 1 2 3 4 5 6 7 8 9 10 11 | 11.4
Poison Magic   | 1 2 3 4 5 6 7 8 9 10 11 | 11.4
Throwing       | 3 4 5 6 7 8 9 10 11 12 13 | 13.5
Armour         | 3 4 5 6 7 8 9 10 11 12 13 | 13.5
Fighting       | 5 6 7 8 9 10 11 12 13 | 13.9
Long Blades    | 5 6 7 8 9 10 11 12 13 | 13.9
Dodging        | 5 6 7 8 9 10 11 12 13 | 13.9
Translocations | 6 7 8 9 10 11 12 | 12.4

Action                   |  1- 3 |  4- 6 |  7- 9 | 10-12 | 13-15 | 16-18 | 19-21 || total
-------------------------+-------+-------+-------+-------+-------+-------+-------++-------
Melee: Short sword       |    74 |   203 |   374 |       |       |       |       ||   651
       Falchion          |     9 |       |       |       |       |       |       ||     9
       Bite              |     4 |    18 |    31 |    27 |    66 |    88 |    49 ||   283
       Unarmed           |       |     2 |       |       |       |       |       ||     2
       Punch             |       |     1 |     7 |     4 |    30 |    12 |       ||    54
       Battleaxe         |       |       |    11 |   206 |       |       |       ||   217
       Broad axe         |       |       |       |    76 |   542 |   830 |   430 ||  1878
       Dagger            |       |       |       |       |       |       |    44 ||    44
Throw: Dart              |       |       |    11 |   146 |       |    17 |       ||   174
       Boomerang         |       |       |       |     9 |   331 |   421 |   154 ||   915
       Throwing net      |       |       |       |     4 |       |       |       ||     4
 Cast: Foxfire           |       |     4 |    82 |    47 |       |     7 |       ||   140
       Teleport Other    |       |       |     3 |     4 |       |       |       ||     7
       Blink             |       |       |     2 |    13 |     3 |     3 |     2 ||    23
       Ignite Poison     |       |       |       |    36 |       |     3 |       ||    39
       Mephitic Cloud    |       |       |       |    21 |    20 |     5 |     2 ||    48
       Ozocubu's Armour  |       |       |       |     3 |    16 |    28 |     2 ||    49
       Sticky Flame      |       |       |       |     5 |    53 |    96 |    29 ||   183
       Manifold Assault  |       |       |       |       |     9 |    20 |     5 ||    34
       Irradiate         |       |       |       |       |     3 |    15 |     6 ||    24
       Passage of Golubr |       |       |       |       |     1 |     3 |     1 ||     5
       Bolt of Magma     |       |       |       |       |       |    25 |     3 ||    28
       Frozen Ramparts   |       |       |       |       |       |    16 |    19 ||    35
Invok: Elemental Force   |       |       |       |       |       |     1 |       ||     1
       Disaster Area     |       |       |       |       |       |     1 |       ||     1
 Abil: Evoke Blink       |       |       |       |       |     1 |     1 |       ||     2
Evoke: Wand              |       |       |       |     1 |     3 |     2 |       ||     6
  Use: Scroll            |       |     1 |     5 |    13 |    10 |     3 |       ||    32
       Potion            |       |       |       |     1 |       |       |       ||     1
 Stab: Confused          |       |       |       |     1 |    17 |     4 |     5 ||    27
       Held in net/web   |       |       |       |     4 |       |       |       ||     4
       Paralysed         |       |       |       |       |     8 |       |       ||     8
       Petrified         |       |       |       |       |     2 |       |       ||     2
       Distracted        |       |       |       |       |       |     1 |       ||     1
Armor: Leather armour    |    28 |    43 |    84 |    48 |       |       |       ||   203
       Troll leather arm |       |       |       |    59 |   237 |       |       ||   296
       Scale mail        |       |       |       |       |    47 |   356 |   222 ||   625
Dodge: Dodged            |    70 |   108 |   208 |   329 |   478 |   447 |   274 ||  1914
       Repelled          |       |       |       |    15 |    22 |    45 |    20 ||   102
Block: Other             |       |       |    40 |   136 |   303 |   175 |       ||   654
       Kite shield       |       |       |       |       |       |   690 |   688 ||  1378
       Rpst.: Falchion   |     4 |       |       |       |       |       |       ||     4
